 Dungeon Crawl Stone Soup version 0.30-a0-867-g305f33218d (webtiles) character file.

Game seed: 16184007602847281139

134204 browni3141 the Stormcaller (level 17, -13/86 HPs)
             Began as a Vine Stalker Air Elementalist on Mar 10, 2023.
             Was a High Priest of Ashenzari.
             Mangled by oldriver's ghost (22 damage)
             ... on level 1 of the Shoals on Mar 11, 2023.
             The game lasted 02:02:35 (35740 turns).

browni3141 the Stormcaller (VSAE)                  Turns: 35740, Time: 02:02:36

Health: -13/86     AC: 14    Str: 12    XL:     17   Next: 16%
Magic:  0/44       EV: 19    Int: 26    God:    Ashenzari [*****.]
Gold:   1314       SH:  0    Dex: 20    Spells: 10/40 levels left

rFire   . . .      SeeInvis +    q - +8 quick blade (distort)
rCold   + . .      Faith    .    S - orb of Cremastomancy {*channel, Self, Elem} (curse)
rNeg    . . .      Spirit   +    C - +1 leather armour "Ruined Adversity" {rElec rC+ Dex+4 SInv, Fort, Range} (curse)
rPois   .          Reflect  .    a - +3 hat of Pondering {ponderous, Will+ MP+10 Int+5, Elem, Cun} (curse)
rElec   +          Rampage  .    N - +2 cloak of the Ensconced Seer {Elem, Cun} (curse)
rCorr   .          Clarity  +    m - +0 pair of gloves "Restrained Together" {Range, Comp} (curse)
Will    ++++.                    I - +1 pair of boots "Gnosis of Ashenzari" {Fort, Comp} (curse)
Stlth   +++++                    G - amulet "At What Cost Knowledge?" {RegenMP, Alch, Elem} (curse)
HPRegen 1.14/turn                s - ring "Per Aspera Ad Scientiam" {Wiz, Cun, Bglg} (curse)
MPRegen 0.69/turn                E - ring "At What Cost Knowledge?" {Will+, Fort, Evo} (curse)

@: about to teleport, spiked, slow
A: fangs 3, regeneration 1, magic shield, antimagic bite, no potion heal 2
a: Renounce Religion, Shatter the Chains


You were on level 1 of the Shoals.
You worshipped Ashenzari.
Ashenzari was extremely pleased with you.
You visited 5 branches of the dungeon, and saw 25 of its levels.
You also visited: Gauntlet and Ice Cave.

You collected 2840 gold pieces.
You spent 1526 gold pieces at shops.

Inventory:

Hand Weapons
 q - a +8 quick blade of distortion (weapon)
 D - a +0 rapier of holy wrath
 P - a +3 dagger of freezing
Missiles
 x - 5 throwing nets
Armour
 a - the cursed +3 hat of Pondering (worn) {ponderous, Will+ MP+10 Int+5, Elem, Cun}
   (You bought it in a shop on level 12 of the Dungeon)

   Int:       It affects your intelligence (+5).
   MP:        It affects your magic capacity (+10).
   Will:      It increases your willpower.
   It has a curse which improves the following skills: Elements: Fire Magic, Ice
   Magic, Air Magic and Earth Magic.
   Cunning:   Dodging and Stealth.
 d - the +4 ring mail of Distant Worlds {Rampage}
   (You took it off a gnoll bouda on level 4 of the Dungeon)

   Rampage:   It bestows one free step when moving towards enemies.
 m - the cursed +0 pair of gloves "Restrained Together" (worn) {Range, Comp}
   (You found it on level 1 of the Dungeon)

   It has a curse which improves the following skills: Ranged Combat: Ranged
   Weapons and Throwing.
   Companions: Summonings and Necromancy.
 C - the cursed +1 leather armour "Ruined Adversity" (worn) {rElec rC+ Dex+4 SInv, Fort, Range}
   (You found it on level 5 of the Dungeon)

   Dex:       It affects your dexterity (+4).
   rC:        It protects you from cold.
   rElec:     It insulates you from electricity.
   SInv:      It lets you see invisible.
   It has a curse which improves the following skills: Fortitude: Armour and
   Shields.
   Ranged Combat: Ranged Weapons and Throwing.
 I - the cursed +1 pair of boots "Gnosis of Ashenzari" (worn) {Fort, Comp}
   (You found it on level 7 of the Dungeon)

   It has a curse which improves the following skills: Fortitude: Armour and
   Shields.
   Companions: Summonings and Necromancy.
 N - the cursed +2 cloak of the Ensconced Seer (worn) {Elem, Cun}
   (You found it on level 1 of the Lair of Beasts)

   It has a curse which improves the following skills: Elements: Fire Magic, Ice
   Magic, Air Magic and Earth Magic.
   Cunning:   Dodging and Stealth.
 S - the cursed orb of Cremastomancy (worn) {*channel, Self, Elem}
   (You found it on level 12 of the Dungeon)

   It has a curse which improves the following skills: Introspection: Fighting
   and Spellcasting.
   Elements:  Fire Magic, Ice Magic, Air Magic and Earth Magic.
Jewellery
 r - a +4 ring of protection
 s - the cursed ring "Per Aspera Ad Scientiam" (left hand) {Wiz, Cun, Bglg}
   (You found it on level 2 of the Dungeon)

   [ring of wizardry]

   It improves your spell success rate.
   It has a curse which improves the following skills: Cunning: Dodging and
   Stealth.
   Beguiling: Conjurations, Hexes and Translocations.
 E - the cursed ring "At What Cost Knowledge?" (right hand) {Will+, Fort, Evo}
   (You found it on level 5 of the Dungeon)

   [ring of willpower]

   Will:      It increases your willpower.
   It has a curse which improves the following skills: Fortitude: Armour and
   Shields.
   Evocations: Evocations.
 G - the cursed amulet "At What Cost Knowledge?" (around neck) {RegenMP, Alch, Elem}
   (You found it on level 8 of the Dungeon)

   [amulet of magic regeneration]

   It increases your rate of magic regeneration.
   It has a curse which improves the following skills: Alchemy: Poison Magic and
   Transmutations.
   Elements:  Fire Magic, Ice Magic, Air Magic and Earth Magic.
 H - a ring of positive energy
 Q - a +4 ring of protection
 R - a ring of fire
 U - a ring of ice
 V - a +5 ring of evasion
Wands
 e - a wand of mindburst (5)
 o - a wand of paralysis (9)
 z - a wand of light (17)
 J - a wand of flame (63)
 X - a wand of polymorph (12)
 Y - a wand of digging (3)
 Z - a wand of iceblast (12)
Scrolls
 c - 11 scrolls of immolation
 h - 7 scrolls of vulnerability
 i - 8 scrolls of fog
 j - 9 scrolls of poison
 k - 5 scrolls of amnesia
 t - 6 scrolls of magic mapping
 u - 8 scrolls of teleportation
 y - 3 scrolls of enchant armour
 A - 3 scrolls of fear
 B - a scroll of silence
 K - 3 scrolls of torment
Potions
 b - a potion of magic
 f - 9 potions of curing
 g - 3 potions of mutation
 l - 8 potions of attraction
 n - 5 potions of brilliance
 p - a potion of cancellation
 v - 3 potions of lignification
 w - 6 potions of might
 F - 2 potions of resistance
 L - 10 potions of heal wounds
 M - a potion of invisibility
 W - 4 potions of ambrosia
Miscellaneous
 T - a condenser vane


   Skills:
 * Level 6.1(8.4) Fighting
 - Level 10.0 Short Blades
 - Level 2.0(5.2) Armour
 - Level 6.5(11.0) Dodging
 - Level 8.5(13.0) Stealth
 - Level 10.0(12.3) Spellcasting
 * Level 9.7(12.0) Conjurations
 - Level 3.0(5.0) Translocations
 - Level 18.3(23.5) Air Magic
 * Level 12.1(14.4) Evocations


You had 10 spell levels left.
You knew the following spells:

 Your Spells              Type           Power      Damage    Failure   Level
a - Shock                 Conj/Air       100%       1d9       0%          1
b - Static Discharge      Conj/Air       100%       2-7/arc   0%          2
c - Swiftness             Air            95%        N/A       0%          3
d - Airstrike             Air            47%        2d(7-23)  0%          4
e - Mephitic Cloud        Conj/Pois/Air  67%        N/A       1%          3
f - Apportation           Tloc           84%        N/A       1%          1
g - Gell's Gravitas       Tloc           42%        N/A       1%          3
h - Iskenderun's Mystic   Conj/Tloc      57%        2d12      1%          4
i - Chain Lightning       Conj/Air       41%        3d55      75%         9

Your spell library contained the following spells:

 Spells                   Type           Power      Damage    Failure   Level
 Magic Dart               Conj           100%       1d8       1%          1
 Cigotuvi's Dreadful Rot  Necr/Pois/Air  100%       N/A       1%          2
 Momentum Strike          Conj/Tloc      100%       3d10      1%          2
 Poisonous Vapours        Pois/Air       100%       N/A       1%          2
 Kindle Blastsparks       Fire/Tloc/Air  100%       2d18      1%          3
 Vhi's Electric Charge    Tloc/Air       100%       N/A       1%          3
 Fulminant Prism          Conj/Hex       24%        3d12      1%          4
 Arcjolt                  Conj/Air       41%        1d51      1%          5
 Iskenderun's Battlesphe  Conj           68%        2d12      1%          5
 Lightning Bolt           Conj/Air       41%        1d60      1%          5
 Call Imp                 Summ           18%        N/A       2%          2
 Ensorcelled Hibernation  Hex/Ice        36%        N/A       2%          2
 Passwall                 Tmut/Erth      15%        N/A       2%          2
 Frozen Ramparts          Ice            40%        1d7       4%          3
 Spider Form              Tmut/Pois      17%        N/A       4%          3
 Vampiric Draining        Necr           18%        2d7       4%          3
 Irradiate                Conj/Tmut      24%        3d19      4%          5
 Animate Armour           Summ/Erth      38%        N/A       14%         4
 Summon Ice Beast         Ice/Summ       19%        N/A       14%         4
 Anguish                  Hex/Necr       9%         N/A       16%         4
 Animate Dead             Necr           18%        N/A       16%         4
 Ice Form                 Ice/Tmut       18%        N/A       16%         4
 Iron Shot                Conj/Erth      24%        9d5       21%         6
 Lee's Rapid Deconstruct  Erth           10%        3d8*      34%         5
 Borgnjor's Vile Clutch   Necr/Erth      9%         N/A       36%         5
 Alistair's Intoxication  Tmut/Pois      11%        N/A       41%         5
 Blade Hands              Tmut           8%         N/A       41%         5
 Spellforged Servitor     Conj/Summ      24%        N/A       73%         7
 Death Channel            Necr           9%         N/A       90%         6
 Eringya's Noxious Bog    Tmut/Pois      8%         N/A       91%         6
 Malign Gateway           Summ/Tloc      15%        N/A       99%         7
 Dragon Form              Tmut           8%         N/A       100%        7
 Haunt                    Necr/Summ      9%         N/A       100%        7
 Infestation              Necr           9%         N/A       100%        8
 Fire Storm               Conj/Fire      24%        8d6       100%        9
 Shatter                  Erth           10%        3d11*     100%        9


Dungeon Overview and Level Annotations

Branches:
Dungeon (15/15)            Temple (1/1) D:7            Lair (5/5) D:10
 Shoals (2/4) Lair:2       Spider (0/4) Lair:2        Slime (0/5) Lair:4
    Orc (2/2) D:11            Elf (0/3) Orc:2        Vaults (0/5) D:14
 Depths (0/4) D:15          IceCv (visited)         Gauntlet (visited)

Altars:
Ashenzari
Cheibriados
Dithmenos
Elyvilon
Fedhas
Gozag
Hepliaklqana
Kikubaaqudgha
Makhleb
Nemelex Xobeh
Okawaru
Qazlal
Ru
Sif Muna
Trog
Uskayaw
Vehumet
Wu Jian
Xom
Yredelemnul
Zin
The Shining One
Jiyva

Shops:
Orc:2 ?:*[(   Shoals:2 (

Annotations:
D:8 exclusion: oklob plant
D:9 3 runed translucent doors, exclusion: skeletal warrior, iguanaiguana's ghost, novice AtIE
D:10 2 transporters, Pimp's ghost, journeyman OpTm
D:13 1 runed translucent door, Jynaviopo's ghost, journeyman GrFi
Lair:4 1 runed translucent door
Shoals:1 1 transporter, oldriver's ghost, adept GrFi


Innate Abilities, Weirdness & Mutations

You have razor-sharp teeth.
Your natural rate of healing is unusually fast.
When hurt, damage is shared between your health and your magic reserves.
Your bite disrupts and absorbs the magic of your enemies.
Potions cannot restore your health.


Message History

The floor.
Unknown command.
Oldriver's ghost attacks as you move away!
Oldriver's ghost hits you.
The barbed spikes dig painfully into your body as you move.
The harpy barely misses you. The harpy claws you.
The moth of wrath goads the harpy on!
The harpy goes berserk!
The sea snake closely misses you. The harpy closely misses you.
The harpy claws you but does no damage. The harpy completely misses you.
The harpy claws you!
* * * LOW HITPOINT WARNING * * *
The sea snake barely misses you.
Unknown command.
Okay, then.
Unknown command.
As you read the scroll of fear, it crumbles to dust.
You assume a fearsome visage.
The manticore looks frightened!
The harpy is unaffected.
The snapping turtle looks frightened!
The sea snake looks frightened!
The harpy looks frightened!
The snapping turtle looks frightened!
The manticore looks frightened! x2
The moth of wrath looks frightened!
The manticore easily resists.
The harpy rages.
Unknown command.
Unknown command.
Unknown command.
Unknown command.
Oldriver's ghost attacks as you move away!
Oldriver's ghost hits you but does no damage.
The barbed spikes dig painfully into your body as you move.
* * * LOW HITPOINT WARNING * * *
The harpy claws you!
* * * LOW HITPOINT WARNING * * *
The harpy barely misses you. The harpy claws you!
* * * LOW HITPOINT WARNING * * *
The harpy barely misses you. The harpy misses you.
The harpy claws you but does no damage.
Unknown command.
Oldriver's ghost attacks as you move away!
Oldriver's ghost hits you!!
You die...

~..~~~...###...###.....~~≈≈≈≈≈≈≈≈
~~.~~~..##.......#.....~~≈≈≈≈≈≈≈≈
.~~~~~~.#..#.#y..#....~~~~~~~~≈≈≈
...~~~~.#..#t#..{#.....~~~~~~~~≈≈
......~.##(.{..#.##.....~~~~~~~≈≈
........~#[.#...#.#....~~~..~~≈≈≈
........©#HHS©#.H.#....~~~..~~≈≈≈
.........#?#...WH##....~~~~~~≈≈≈≈
........##}#.H.#@#©....~~~≈≈≈≈≈≈≈
........# .#{##..##....~~~≈≈≈≈≈≈≈
........#.#...#...#....~~≈≈≈≈≈≈≈≈
......~.##..#....##...~~~≈≈≈≈≈≈≈≈
~~~~~~~..#...©..##...~~~≈≈≈≈≈≈≈≈~
~~~~~~~~.##.#####.....~~≈≈≈≈≈≈≈ ~
~≈≈~~~~~..###........~~≈≈≈≈≈≈≈ ~
≈≈≈≈~~~........~~~...~~≈≈≈≈≈≈ ~~~
≈≈≈≈~.~~~~~~..~~~~~~~~≈≈≈≈≈≈~~


You could see a sea snake (fleeing), a snapping turtle (fleeing), 3 manticores,
a moth of wrath (fleeing), a harpy (berserk) and oldriver's ghost.

Vanquished Creatures
  A golden dragon (IceCv)
  Kirke (Shoals:1)
  2 orc warlords (Orc:2)
  A fire dragon (D:15)
  2 merfolk impalers (Shoals:2)
  Snorg (D:12)
  6 ice dragons
  A catoblepas (Lair:4)
  Erolcha (Orc:2)
  5 hydras
  Fannar (Lair:1)
  3 boulder beetles
  A death knight (D:14)
  8 centaur warriors
  2 dancing weapons (D:13)
  A two-headed ogre (Orc:1)
  15 death yaks
  2 tengu warriors
  5 orc high priests
  3 skysharks
  An orange crystal statue (IceCv)
  5 sea snakes
  2 phantasmal warriors (D:14)
  4 harpies (Shoals:1)
  A deep elf pyromancer (D:13)
  3 orc knights (Orc:2)
  A wolf spider (Lair:5)
  17 cyclopes
  7 orc sorcerers (Orc:2)
  17 ugly things
  9 manticores
  7 fauns
  Joseph (D:9)
  4 merfolk sirens (Shoals:2)
  A moth of wrath (Gauntlet)
  3 water nymphs (Shoals:2)
  7 black mambas
  13 elephants
  2 gargoyles
  A guardian serpent (Lair:5)
  8 storm dragon simulacra (IceCv)
  2 unseen horrors
  2 torpor snails (Lair:5)
  Psyche (D:11)
  16 cane toads
  4 rime drakes
  4 komodo dragons
  3 efreet
  2 freezing wraiths (D:15)
  4 tengu conjurers
  2 golden dragon simulacra (IceCv)
  8 trolls
  3 wind drakes
  6 merfolk
  11 polar bears
  3 hornets (Lair:5)
  Prince Ribbit (D:9)
  8 dream sheep
  16 blink frogs
  3 raiju (Lair:5)
  A snapping turtle (Shoals:2)
  Sigmund (D:3)
  18 slime creatures
  3 jumping spiders
  A culicivora (Lair:2)
  3 vampires
  13 yaks
  19 wyverns
  3 wraiths
  6 basilisks
  A hog (shapeshifter) (D:14)
  3 vampire mosquitoes (D:15)
  9 redbacks
  2 steam dragons
  A small abomination (Gauntlet)
  Menkaure (D:5)
  An acid dragon (D:13)
  8 wargs
  12 hell hounds (Lair:5)
  19 water moccasins
  39 orc warriors
  3 ice beasts
  13 black bears
  9 ogres
  5 ice dragon simulacra (IceCv)
  27 wolves
  9 centaurs
  2 phantoms
  3 kobold brigands
  8 bullfrogs
  A gnoll sergeant (D:12)
  A scorpion (D:6)
  7 wights (D:8)
  6 lindwurm simulacra (IceCv)
  10 killer bees
  An electric eel (D:10)
  7 crimson imps (D:8)
  5 hounds
  21 orc priests
  2 jellies (D:5)
  A gnoll bouda (D:4)
  2 iguanas
  37 orc wizards
  Natasha (thrice) (D:2)
  8 gnolls
  6 adders
  3 shadow imps
  2 white imps
  2 dart slugs (D:1)
  113 orcs
  3 endoplasms
  5 giant cockroaches
  7 goblins
  3 hobgoblins
  2 quokkas
  3 training dummies (Shoals:2)
  6 ball pythons
  7 bats
  3 frilled lizards (D:1)
  31 kobolds
  10 rats
  A butterfly (Lair:4)
837 creatures vanquished.

Vanquished Creatures (others)
  A human (Shoals:1)
  A wight (D:8)
  6 demonic plants (Gauntlet)
  39 fungi
  139 plants
186 creatures vanquished.

Grand Total: 1023 creatures vanquished

Notes
Turn   | Place    | Note
-------+----------+-------------------------------------------
     0 | D:1      | browni3141 the Vine Stalker Air Elementalist began the
                  | quest for the Orb.
     0 | D:1      | Reached XP level 1. HP: 9/9 MP: 4/4
   232 | D:1      | Reached XP level 2. HP: 14/14 MP: 1/6
   314 | D:1      | Reached skill level 1 in Fighting
   359 | D:1      | Learned a level 2 spell: Static Discharge
   735 | D:1      | Reached XP level 3. HP: 4/18 MP: 0/7
  1014 | D:1      | Learned a level 3 spell: Swiftness
  1298 | D:2      | Noticed Natasha
  1309 | D:2      | Killed Natasha
  1310 | D:2      | Reached skill level 4 in Air Magic
  1310 | D:2      | Gained mutation: Your natural rate of healing is unusually
                  | fast. [Vine Stalker growth]
  1310 | D:2      | Reached XP level 4. HP: 21/22 MP: 0/8
  1424 | D:2      | Noticed Natasha
  1509 | D:2      | Killed Natasha
  1987 | D:2      | Noticed Natasha
  1993 | D:2      | Killed Natasha
  1994 | D:2      | Reached skill level 5 in Air Magic
  1994 | D:2      | Reached XP level 5. HP: 25/25 MP: 2/10
  2284 | D:3      | Noticed Sigmund
  2768 | D:3      | Learned a level 4 spell: Airstrike
  3433 | D:4      | Noticed a centaur
  3775 | D:4      | Noticed a phantom
  3791 | D:4      | Killed a phantom
  3792 | D:4      | Reached skill level 1 in Short Blades
  3792 | D:4      | Reached XP level 6. HP: 24/30 MP: 0/13
  4052 | D:4      | Identified the +4 ring mail of Distant Worlds {Rampage}
  4634 | D:4      | Reached skill level 1 in Armour
  4634 | D:4      | Reached XP level 7. HP: 33/33 MP: 4/14
  4788 | D:4      | Found a white marble altar of Elyvilon.
  5432 | D:3      | Killed Sigmund
  5498 | D:4      | Found a white marble altar of Elyvilon.
  6192 | D:5      | Entered Level 5 of the Dungeon
  6484 | D:5      | Gained mutation: You have razor-sharp teeth. [Vine Stalker
                  | growth]
  6484 | D:5      | Reached XP level 8. HP: 39/39 MP: 5/15
  6570 | D:5      | Noticed Menkaure
  6631 | D:5      | Killed Menkaure
  6632 | D:5      | Reached skill level 6 in Air Magic
  6783 | D:5      | Identified the +1 leather armour of Divine Happiness {rElec
                  | rC+ Dex+4 SInv}
  7292 | D:6      | Reached skill level 7 in Air Magic
  7518 | D:6      | Found a bloodstained altar of Trog.
  7624 | D:6      | Found a shimmering altar of Xom.
  7828 | D:6      | Reached skill level 8 in Air Magic
  7894 | D:6      | Reached XP level 9. HP: 37/44 MP: 7/16
  9075 | D:7      | Found a staircase to the Ecumenical Temple.
  9102 | Temple   | Entered the Ecumenical Temple
  9117 | Temple   | Became a worshipper of Ashenzari the Shackled
  9141 | D:7      | Reached skill level 9 in Air Magic
  9849 | D:8      | Learned a level 3 spell: Mephitic Cloud
  9909 | D:8      | Found a blossoming altar of Fedhas.
  9925 | D:8      | Noticed an oklob plant
 10188 | D:8      | Reached skill level 10 in Air Magic
 10381 | D:8      | Reached skill level 5 in Stealth
 10669 | D:8      | Reached XP level 10. HP: 49/49 MP: 1/17
 10787 | D:8      | Reached * piety under Ashenzari
 10818 | D:8      | Reached skill level 5 in Short Blades
 11646 | D:9      | Found a runed translucent gate.
 11647 | D:9      | Found a runed translucent gate.
 11651 | D:9      | Found a runed translucent gate.
 11651 | D:9      | Noticed an 11-headed hydra
 11652 | D:9      | Noticed iguanaiguana's ghost (novice AtIE)
 11683 | D:9      | Reached ** piety under Ashenzari
 11764 | D:9      | Noticed a skeletal warrior
 11790 | D:9      | Noticed Joseph
 11810 | D:9      | Killed Joseph
 11867 | D:9      | Found a basalt altar of Yredelemnul.
 11868 | D:9      | Noticed Prince Ribbit
 11890 | D:9      | Killed Prince Ribbit
 12558 | D:9      | Noticed a skeletal warrior
 12647 | D:10     | Entered Level 10 of the Dungeon
 12656 | D:10     | Reached skill level 1 in Evocations
 12660 | D:10     | Reached XP level 11. HP: 52/52 MP: 5/18
 12710 | D:10     | Found a sacrificial altar of Ru.
 12713 | D:10     | Found a snail-covered altar of Cheibriados.
 12775 | D:10     | Found a staircase to the Lair.
 12918 | D:10     | Found a transporter.
 12939 | D:10     | Noticed a two-headed ogre
 12939 | D:10     | Noticed Pimp's ghost (journeyman OpTm)
 12940 | D:10     | Noticed a two-headed ogre
 12940 | D:10     | Noticed a two-headed ogre
 12942 | D:10     | Found a transporter.
 13021 | D:10     | Identified the +7 great mace "Wioguh" {heavy, rElec Str+2
                  | Int+3}
 13021 | D:10     | Noticed a two-headed ogre
 13186 | D:10     | Reached *** piety under Ashenzari
 13439 | D:10     | Noticed an ice dragon
 13603 | Lair:1   | Entered Level 1 of the Lair of Beasts
 13659 | Lair:1   | Noticed Fannar
 13665 | Lair:1   | Killed Fannar
 13666 | Lair:1   | Reached skill level 10 in Short Blades
 13723 | Lair:1   | Found a gate leading to a gauntlet.
 13746 | Gauntlet | Entered a Gauntlet
 13746 | Gauntlet | Noticed a wizard
 13746 | Gauntlet | Found a transporter.
 13746 | Gauntlet | Found a transporter.
 13746 | Gauntlet | Found a transporter.
 13761 | Gauntlet | Noticed a large abomination
 13766 | Gauntlet | Found a transporter.
 13768 | Gauntlet | Identified the +0 cloak of Greater Demons {-Cast rF+ rN++
                  | SInv}
 13771 | Gauntlet | Noticed a moth of wrath
 13786 | Gauntlet | Found a transporter.
 13797 | Gauntlet | Found a transporter.
 13798 | Gauntlet | Identified the ring "Xuidustrope" {rN+ rCorr}
 13803 | Gauntlet | Found a transporter.
 13811 | Gauntlet | Found a transporter.
 13812 | Gauntlet | Noticed a moth of wrath
 13829 | Gauntlet | Found a transporter.
 13837 | Gauntlet | Found a transporter.
 13856 | Gauntlet | Found a transporter.
 13877 | Gauntlet | Found a transporter.
 14323 | Gauntlet | Killed a moth of wrath
 14358 | Gauntlet | Reached skill level 11 in Air Magic
 14468 | Gauntlet | Noticed a minotaur
 14950 | Lair:1   | Reached **** piety under Ashenzari
 15563 | Lair:2   | Found a hole to the Spider Nest.
 15688 | Lair:2   | Reached skill level 5 in Spellcasting
 15688 | Lair:2   | Reached skill level 5 in Conjurations
 16072 | Lair:2   | Noticed a death yak
 16109 | Lair:2   | Reached XP level 12. HP: 58/58 MP: 13/21
 16186 | Lair:2   | Reached ***** piety under Ashenzari
 16676 | Lair:2   | Noticed a death yak
 16683 | Lair:2   | Noticed a death yak
 16690 | Lair:2   | Killed a death yak
 16690 | Lair:2   | Noticed a death yak
 16695 | Lair:2   | Noticed a death yak
 16777 | Lair:2   | Killed a death yak
 16923 | Lair:2   | Reached skill level 12 in Air Magic
 17074 | Lair:2   | Found a staircase to the Shoals.
 17203 | Lair:2   | Killed a death yak
 17379 | Lair:2   | Killed a death yak
 17420 | Lair:2   | Killed a death yak
 17698 | Lair:3   | Reached skill level 13 in Air Magic
 17762 | Lair:3   | Noticed a boulder beetle
 18164 | Lair:3   | Noticed a seven-headed hydra
 18268 | Lair:3   | Killed a boulder beetle
 18324 | Lair:3   | Reached skill level 14 in Air Magic
 18731 | Lair:3   | Noticed a dire elephant
 18780 | Lair:4   | Noticed a catoblepas
 18789 | Lair:4   | Killed a catoblepas
 18911 | Lair:4   | Noticed a boulder beetle
 18919 | Lair:4   | Killed a boulder beetle
 18978 | Lair:4   | Reached XP level 13. HP: 61/61 MP: 15/23
 19234 | Lair:4   | Reached skill level 5 in Evocations
 19305 | Lair:4   | Found a runed translucent door.
 19305 | Lair:4   | Found a viscous altar of Jiyva.
 19306 | Lair:4   | Found a staircase to the Slime Pits.
 20747 | Lair:3   | Reached skill level 5 in Fighting
 21070 | Lair:4   | Found a runed translucent door.
 21073 | Lair:4   | Found a viscous altar of Jiyva.
 21074 | Lair:4   | Found a staircase to the Slime Pits.
 21089 | Lair:5   | Entered Level 5 of the Lair of Beasts
 21437 | Lair:5   | Reached skill level 15 in Air Magic
 21966 | Lair:5   | Reached skill level 16 in Air Magic
 21966 | Lair:5   | Reached XP level 14. HP: 61/68 MP: 11/24
 22630 | Lair:5   | Reached skill level 5 in Dodging
 24145 | D:11     | Noticed Psyche
 24151 | D:11     | Killed Psyche
 24270 | D:11     | Found a staircase to the Orcish Mines.
 25297 | D:12     | Reached XP level 15. HP: 67/73 MP: 25/28
 25488 | D:12     | Noticed Snorg
 25495 | D:12     | Killed Snorg
 26082 | D:12     | Found Cheibriados's Comfort Zone.
 26084 | D:12     | Found a snail-covered altar of Cheibriados.
 26090 | D:12     | Bought the +3 hat of Pondering {ponderous, Will+ MP+10
                  | Int+5} for 571 gold pieces
 26090 | D:12     | Found the +3 hat of Pondering {ponderous, Will+ MP+10
                  | Int+5}
 26246 | Orc:1    | Entered Level 1 of the Orcish Mines
 26708 | Orc:2    | Entered Level 2 of the Orcish Mines
 27264 | Orc:2    | Noticed Erolcha
 27269 | Orc:2    | Noticed an orc warlord
 27271 | Orc:2    | Killed Erolcha
 27467 | Orc:2    | Killed an orc warlord
 27532 | Orc:2    | Found a staircase to the Elven Halls.
 27891 | Orc:2    | Noticed an orc warlord
 27908 | Orc:2    | Killed an orc warlord
 28153 | Orc:2    | Found Vymaep Zaozu's Antique Armour Shoppe.
 28154 | Orc:2    | Found Rotzok's Antique Weapon Emporium.
 28156 | Orc:2    | Found Tisezoti's General Store.
 28156 | Orc:2    | Found Viuvye Xelu's Book Shoppe.
 28262 | Orc:2    | Found Guudduk's Magic Scroll Boutique.
 28492 | Orc:2    | Bought a potion of curing for 33 gold pieces
 28492 | Orc:2    | Bought a scroll of enchant weapon for 82 gold pieces
 28492 | Orc:2    | Bought a scroll of blinking for 82 gold pieces
 28520 | Orc:2    | Bought a scroll of torment for 104 gold pieces
 28520 | Orc:2    | Bought a scroll of magic mapping for 82 gold pieces
 28549 | Orc:2    | Bought Sif Muna's Almanac of Shifting Grit for 572 gold
                  | pieces
 28551 | Orc:2    | Learned a level 1 spell: Apportation
 28555 | Orc:2    | Learned a level 3 spell: Gell's Gravitas
 28560 | Orc:2    | Learned a level 4 spell: Iskenderun's Mystic Blast
 28620 | Orc:2    | Learned a level 9 spell: Chain Lightning
 29103 | D:13     | Reached skill level 1 in Translocations
 29306 | D:13     | Found the +10 tower shield of Ignorance {rN+ Int-4}
 29739 | D:14     | Reached skill level 17 in Air Magic
 30223 | D:13     | Found a runed translucent door.
 30227 | D:13     | Identified the +7 trident "Ycopt" {freeze, Will+ Int+4}
 30233 | D:13     | Noticed Jynaviopo's ghost (journeyman GrFi)
 30278 | D:13     | Reached XP level 16. HP: 77/77 MP: 27/29
 30801 | D:14     | Found a gate to the Vaults.
 30840 | D:15     | Entered Level 15 of the Dungeon
 30846 | D:15     | Found a broken altar of Ashenzari.
 31006 | D:15     | Found a frozen archway.
 31028 | D:15     | Reached skill level 10 in Evocations
 31075 | IceCv    | Entered an ice cave
 31477 | IceCv    | Noticed a golden dragon
 32275 | IceCv    | Killed a golden dragon
 32319 | IceCv    | Identified the amulet "Ethrakiy" {Reflect Rampage SH+5
                  | Stlth+}
 32550 | D:15     | Found a shadowy altar of Dithmenos.
 32562 | D:15     | Reached skill level 18 in Air Magic
 32773 | D:15     | Identified the Information on the Twisted Shot
 33255 | D:15     | Identified a scroll of acquirement
 33309 | D:15     | Acquired a +2 quick blade of distortion
 33346 | D:15     | Found a staircase to the Depths.
 33728 | Shoals:1 | Entered Level 1 of the Shoals
 33872 | Shoals:1 | Noticed Kirke
 33882 | Shoals:1 | Killed Kirke
 34757 | Shoals:2 | Reached XP level 17. HP: 81/81 MP: 18/31
 35403 | Shoals:2 | Reached skill level 10 in Spellcasting
 35490 | Shoals:2 | Found Cir Aluc's Firing Range.
 35566 | Shoals:1 | Found a transporter.
 35587 | Shoals:1 | Identified the +0 buckler of the Jabberwock {rC++ Regen+
                  | Dex+2 Slay-4}
 35588 | Shoals:1 | Noticed oldriver's ghost (adept GrFi)
 35588 | Shoals:1 | Identified the +1 pair of gloves "Amask" {Str+3}
 35602 | Shoals:1 | Found a transporter.
 35740 | Shoals:1 | Mangled by oldriver's ghost

Illustrated notes

Levels and vault maps discovered:
D:1:      moated_graveyard_arrival, layout_rooms, serial_bayou,
          serial_bayou_ford_a, serial_bayou_lagoon_a, serial_bayou_pond_b,
          serial_bayou_pond_c, minmay_tetromino_o2
D:2:      layout_basic, uniq_natasha
D:3:      layout_loops_ring, uniq_sigmund
D:4:      layout_loops_corners, mainiacjoe_overflow_paths, serial_glass,
          glass_columns_b, glass_columns_a, glass_columns_a, glass_columns_a
D:5:      layout_loops_ring, uniq_menkaure
D:6:      layout_basic, overflow_temple_1_default, kennysheep_mini
D:7:      layout_gridville, minmay_temple_entry_grid
D:8:      layout_basic, tgw_fedhas, minmay_misc_feat_diagonals, minmay_nine_imps
D:9:      layout_small_grid, lemuel_round_altar, gammafunk_ghost_hydra_chop,
          uniq_joseph, uniq_prince_ribbit1
D:10:     dragon1_lemuel, layout_irregular_city, nicolae_overflow_squiral,
          david_lair_generic, gammafunk_ghost_smash,
          eino_small_chamber_without_monster
D:11:     layout_basic, david_orc_4, columned_hall_lemuel, uniq_psyche
D:12:     layout_basic, minmay_shop_chei, uniq_snorg
D:13:     layout_rooms, ebering_ghost_funeral_grove
D:14:     layout_basic, erik_vaults_1
D:15:     grunt_enter_depths_hoard, layout_loops_cross,
          grunt_dithmenos_smoke_and_mirrors, portal_ice_cave_entry_ugly_swarm,
          library_closet, cheibrodos_ashenzari_chains
Temple:   hellmonk_temple_two_chambers
Lair:1:   layout_gridlike, gauntlet_entry_generic,
          chequers_serial_rivers_micro_b, serial_bayou_crossing, uniq_fannar
Lair:2:   layout_cave_pods, minmay_shoals_entry_beasts,
          nicolae_spider_entry_tight_spaces
Lair:3:   nzn_winding_woodlands_medium [nzn_winding_woodlands_5x5_default,
          nzn_winding_woodlands_5x15_sidewinder,
          nzn_winding_woodlands_5x5_three,
          nzn_winding_woodlands_5x5_checkerboard,
          nzn_winding_woodlands_center_diamonds,
          nzn_winding_woodlands_5x5_cross, nzn_winding_woodlands_hourglass,
          nzn_winding_woodlands_5x15_lazy_stream,
          nzn_winding_woodlands_5x5_closed_star], layout_small_grid
Lair:4:   layout_regular_city, slime_entry_2, lemuel_fruit_fields
Lair:5:   hangedman_lair_caniforms_friends, layout_cave_pods,
          hangedman_lair_tendril_chambers, infiniplex_staircase_pool_2
Shoals:1: layout_shoals, gammafunk_ghost_berserking_beasts, st_cyclops,
          uniq_kirke
Shoals:2: layout_shoals, nicolae_shop_firing_range
Orc:1:    nicolae_orc_accident_3, layout_caves
Orc:2:    st_orc_congregation, layout_caves, serial_shops, shop,
          guppyfry_orc_lava_fort, uniq_erolcha

Skill      XL: |  1  2  3  4  5  6  7  8  9 10 11 12 13 14 15 16 17 |
---------------+----------------------------------------------------+-----
Fighting       | 1 2 3 4 5 6 |  6.1
Conjurations   | 2 3 4 5 6 9 |  9.7
Air Magic      | 4 5 8 10 11 14 16 17 18 | 18.3
Spellcasting   | 4 5 6 8 9 10 | 10.0
Short Blades   | 1 2 4 9 10 | 10.0
Stealth        | 4 5 6 8 |  8.5
Armour         | 1 2 |  2.0
Dodging        | 2 4 6 |  6.5
Evocations     | 1 3 4 6 9 11 12 | 12.1
Translocations | 3 |  3.0

Action                     |  1- 3 |  4- 6 |  7- 9 | 10-12 | 13-15 | 16-18 || total
---------------------------+-------+-------+-------+-------+-------+-------++-------
  Melee: Unarmed           |     5 |     8 |       |       |       |       ||    13
         Bite              |     1 |    17 |    25 |    98 |   256 |    63 ||   460
         Short sword       |       |    49 |    79 |   242 |   553 |    95 ||  1018
         Punch             |       |       |       |     3 |     7 |       ||    10
         Quick blade       |       |       |       |       |       |    29 ||    29
   Cast: Shock             |    53 |   133 |   191 |    51 |       |       ||   428
         Static Discharge  |     1 |     7 |    35 |    45 |    64 |    16 ||   168
         Airstrike         |       |     3 |    11 |   195 |   692 |   406 ||  1307
         Mephitic Cloud    |       |       |       |    32 |    65 |    16 ||   113
         Swiftness         |       |       |       |     7 |     9 |       ||    16
         Iskenderun's Myst |       |       |       |       |       |     1 ||     1
 Invoke: Curse Item        |       |       |     1 |     7 |     1 |     2 ||    11
         Shatter the Chain |       |       |       |       |     1 |     1 ||     2
  Evoke: Wand              |       |       |       |     7 |     9 |     6 ||    22
         Condenser vane    |       |       |       |       |     3 |     1 ||     4
    Use: Scroll            |       |     9 |     5 |     6 |     4 |    11 ||    35
         Potion            |       |       |       |     2 |     1 |     5 ||     8
   Stab: Sleeping          |       |     3 |     4 |     1 |     3 |     2 ||    13
         Confused          |       |       |       |    20 |    55 |    17 ||    92
         Distracted        |       |       |       |     1 |     1 |       ||     2
         Invisible         |       |       |       |     1 |       |       ||     1
         Held in net/web   |       |       |       |     1 |       |       ||     1
         Fleeing           |       |       |       |       |     1 |       ||     1
 Armour: Robe              |       |    17 |       |       |       |       ||    17
         Ring mail         |       |     3 |    23 |       |       |       ||    26
         Leather armour    |       |       |    32 |    56 |   196 |    77 ||   361
  Dodge: Dodged            |     4 |    68 |   110 |   149 |   551 |   176 ||  1058

Table legend: (Time is in decaauts)
 A = Elapsed time spent in this place.
 B = Non-inter-level travel time spent in this place.
 C = Inter-level travel time spent in this place.
 D = Time resting spent in this place.
 E = Time spent auto-exploring this place.
 F = Levels seen in this place.
 G = Mean time per level.
                   A        B        C        D        E       F      G
               +--------+--------+--------+--------+--------+-----+--------+
         Total |  36015 |  33746 |   2269 |   2994 |  23517 |  27 | 1333.9 |
       Dungeon |  19060 |  17938 |   1122 |    993 |  13898 |  15 | 1270.7 |
        Temple |     19 |     16 |      3 |      0 |     10 |   1 |   19.0 |
          Lair |   9342 |   8567 |    775 |    940 |   5634 |   5 | 1868.4 |
        Shoals |   2248 |   2179 |     69 |    191 |   1619 |   2 | 1124.0 |
  Orcish Mines |   2875 |   2577 |    298 |    133 |   1824 |   2 | 1437.5 |
      Ice Cave |   1463 |   1463 |      0 |    580 |    350 |   1 | 1463.0 |
      Gauntlet |   1005 |   1005 |      0 |    157 |    180 |   1 | 1005.0 |
               +--------+--------+--------+--------+--------+-----+--------+

Top non-repeatable levels by time:
  Lair:5: 2743 daAuts
     D:4: 2433 daAuts
  Lair:3: 1865 daAuts
   Orc:2: 1861 daAuts
  Lair:2: 1786 daAuts
     D:8: 1699 daAuts
  Lair:4: 1651 daAuts
     D:3: 1485 daAuts
   IceCv: 1463 daAuts
    D:12: 1452 daAuts
     D:7: 1377 daAuts
     D:6: 1332 daAuts
  Lair:1: 1295 daAuts
    D:15: 1275 daAuts
     D:2: 1266 daAuts
